[Event "Titled Tuesday Blitz March 08 Early 2022"]
[White "Shukhman, Anna"]
[Black "Agasarov, Benik"]
[WhiteFideId "54180058"]
[BlackFideId "13314823"]
[WhiteElo "1665"]
[BlackElo "2565"]
[Result "1/2-1/2"]
[Round "09"]
[TimeControl "180+1"]
[Date "2022.03.09"]
[WhiteClock "0:00:28"]
[BlackClock "0:00:58"]

1. e4 e5 2. Nf3 Nc6 3. Bb5 Bc5 4. O-O Nd4 5. Nxd4 Bxd4 6. d3 Bb6 7. Nc3 c6 8. Bc4 d6 9. a4 Nf6 10. Bg5 h6 11. Bh4 g5 12. Bg3 Bg4 13. Qd2 Nh5 14. Kh1 Qf6 15. a5 Bc5 16. Ne2 a6 17. c3 Nf4 18. f3 Bd7 19. Nxf4 gxf4 20. Bf2 Bxf2 21. Rxf2 h5 22. d4 h4 23. h3 Rg8 24. dxe5 dxe5 25. Rd1 Rd8 26. Qc2 Be6 27. Rxd8+ Kxd8 28. Qb3 Kc8 29. Bxe6+ Qxe6 30. Qxe6+ fxe6 31. Rd2 Rd8 32. Rxd8+ Kxd8 33. Kg1 c5 34. Kf2 Kd7 35. Ke2 Kc6 36. c4 b5 37. Kd3 Kd6 38. Kc3 Kc7 39. cxb5 axb5 40. b4 c4 41. Kc2 Kd7 42. Kc3 Kd6 43. Kc2 Kc7 44. Kc3 Kb7 45. Kc2 Ka6 46. Kc3 Kb7 47. Kc2 Ka8 48. Kc3 Kb8 49. Kc2 Kc8 50. Kc3 Kd8 51. Kc2 Kc7 52. Kc3 Kd6 53. Kc2 Kc6 54. Kc3 Kc7 55. Kc2 Kc8 56. Kc3 Kd7 57. Kc2 Kc7 1/2-1/2


[Site "https://www.chess.com"]

[Event "Titled Tuesday Blitz March 08 Early 2022"]
[White "Shuvalov, Evgenij"]
[Black "Sovetbekova, Nurai"]
[WhiteFideId "4187237"]
[BlackFideId "13801910"]
[WhiteElo "2151"]
[BlackElo "1538"]
[Result "1-0"]
[Round "09"]
[TimeControl "180+1"]
[Date "2022.03.09"]
[WhiteClock "0:01:53"]
[BlackClock "0:00:51"]

1. Nf3 Nf6 2. c4 c5 3. g3 Nc6 4. Bg2 d5 5. d4 g6 6. dxc5 Bg7 7. cxd5 Nxd5 8. a3 O-O 9. O-O e6 10. Qc2 Qc7 11. e4 Nb6 12. cxb6 Qxb6 13. Nc3 1-0


[Site "https://www.chess.com"]

[Event "Titled Tuesday Blitz March 08 Early 2022"]
[White "Shuvalova, Polina"]
[Black "Omariev, Maksim"]
[WhiteFideId "24171760"]
[BlackFideId "4193423"]
[WhiteElo "2355"]
[BlackElo "2428"]
[Result "0-1"]
[Round "09"]
[TimeControl "180+1"]
[Date "2022.03.09"]
[WhiteClock "0:00:05"]
[BlackClock "0:00:06"]

1. d4 h5 2. e4 h4 3. h3 c6 4. Nf3 d5 5. e5 Bf5 6. Bd3 Bxd3 7. Qxd3 e6 8. Bg5 Be7 9. Be3 Nh6 10. Bxh6 Rxh6 11. Nbd2 Qb6 12. c4 Qxb2 13. O-O Qa3 14. Qc2 Nd7 15. Rab1 Qa6 16. Rfc1 dxc4 17. Nxc4 Nb6 18. Nfd2 O-O-O 19. Qb2 Kc7 20. Nxb6 axb6 21. a4 Rhh8 22. Nc4 Rd5 23. Nxb6 Ra5 24. Qd2 Rd8 25. Qf4 Rf8 26. Qg4 g5 27. Qe4 Rd8 28. Qh7 Rf8 29. Qg7 Qd3 30. Nd7 Rd8 31. Nc5 Bxc5 32. dxc5 Qg6 33. Qxg6 fxg6 34. Rb4 Rd5 35. Rg4 Rxe5 36. f3 Raxc5 37. Rb1 Ra5 38. Rgb4 b5 39. axb5 Raxb5 40. Rxb5 Rxb5 41. Re1 e5 42. Kf2 Kd6 43. Rd1+ Rd5 44. Ra1 Ke6 45. Ke3 Rd4 46. Ra6 Rc4 47. Ra8 Rc2 48. Re8+ Kd5 49. Rd8+ Kc5 50. Re8 Kd6 51. Rd8+ Ke6 52. Re8+ Kf6 53. Rc8 Rxg2 54. Rxc6+ Kf5 55. Rc1 Rg3 56. Kf2 Rxh3 57. Kg2 Rg3+ 58. Kf2 g4 59. fxg4+ Kxg4 60. Rc4+ Kg5 61. Re4 Rg4 62. Rxe5+ Kf6 63. Re8 g5 64. Rf8+ Ke5 65. Rg8 Rg3 66. Rf8 Ke4 67. Re8+ Kf4 68. Re1 Rf3+ 69. Kg2 h3+ 70. Kh2 g4 71. Ra1 Rf2+ 72. Kh1 Kg3 73. Ra3+ Kh4 74. Ra1 Rd2 75. Ra4 Rd1+ 76. Kh2 Rd2+ 77. Kh1 Kg3 78. Ra3+ Kf2 79. Ra8 Rd1+ 80. Kh2 g3+ 81. Kxh3 Rh1+ 82. Kg4 g2 83. Ra2+ Kf1 84. Kf3 Rh3+ 85. Kf4 g1=Q 86. Ra1+ Kg2 87. Rxg1+ Kxg1 0-1


[Site "https://www.chess.com"]

[Event "Titled Tuesday Blitz March 08 Early 2022"]
[White "Skliarov, Viktor"]
[Black "Kosteniuk, Alexandra"]
[WhiteFideId "14106736"]
[BlackFideId "4128125"]
[WhiteElo "2229"]
[BlackElo "2469"]
[Result "1-0"]
[Round "09"]
[TimeControl "180+1"]
[Date "2022.03.08"]
[WhiteClock "0:00:10"]
[BlackClock "0:00:06"]

1. e4 c6 2. d4 d5 3. e5 c5 4. dxc5 e6 5. a3 Bxc5 6. b4 Bb6 7. Bb2 Ne7 8. Nf3 O-O 9. Bd3 Ng6 10. O-O a5 11. b5 Nd7 12. c4 dxc4 13. Bxc4 Qc7 14. Qe2 Nc5 15. Nc3 Rd8 16. Rfd1 Bd7 17. g3 Be8 18. Rac1 Qe7 19. Ne4 Nxe4 20. Qxe4 Rac8 21. Kg2 Rxd1 22. Rxd1 Qc5 23. Rd4 Bxb5 24. Bxb5 Qxb5 25. Qxb7 Rf8 26. Rd2 Qc5 27. Bd4 Qxa3 28. Qxb6 Rc8 29. Bb2 Qb4 30. Qxb4 axb4 31. Rd4 Rb8 32. Rd7 h6 33. h4 Nf8 34. Rc7 b3 35. Nd4 Ng6 36. Rc5 Ne7 37. Rb5 Rd8 38. Rxb3 Nd5 39. Rb7 Rc8 40. Nf3 Rc2 41. Bd4 Ra2 42. h5 Rc2 43. Rb2 Rc4 44. Re2 Ne7 45. Be3 Nf5 46. Bf4 Ne7 47. Ra2 Nd5 48. Be3 Re4 49. Ra3 Rc4 50. Ra8+ Kh7 51. Ra7 Kg8 52. Nd4 Rc3 53. Kf3 Nb4 54. Nb5 Rb3 55. Nd6 Nc6 56. Ra8+ Rb8 57. Rxb8+ Nxb8 58. Ke4 Nd7 59. Bd4 Kf8 60. f4 Ke7 61. g4 Kf8 62. f5 Ke7 63. Nc4 Kf8 64. Nb6 Nb8 65. Bc5+ Kg8 66. Nc8 Nd7 67. Bd6 Kh7 68. Ne7 Nb6 69. Nc6 Nd5 70. fxe6 fxe6 71. Nd8 Nc3+ 72. Kd3 Nd5 73. Nxe6 Kg8 74. Ke4 Nc3+ 75. Kd4 Ne2+ 76. Kc5 Kf7 77. Nd4 Nc3 78. Kc6 Ke8 79. e6 Ne4 80. Nf5 1-0


[Site "https://www.chess.com"]

[Event "Titled Tuesday Blitz March 08 Early 2022"]
[White "Soderstrom, Adrian"]
[Black "Ambartsumova, Karina"]
[WhiteFideId "1745786"]
[BlackFideId "4166299"]
[WhiteElo "2107"]
[BlackElo "2262"]
[Result "0-1"]
[Round "09"]
[TimeControl "180+1"]
[Date "2022.03.09"]
[WhiteClock "0:00:06"]
[BlackClock "0:00:09"]

1. d4 Nf6 2. c4 e6 3. Nf3 d5 4. Nc3 Bb4 5. Qb3 c5 6. dxc5 Qa5 7. Bd2 Nc6 8. a3 d4 9. Nb5 Bxd2+ 10. Nxd2 O-O 11. Qa2 e5 12. b4 Qd8 13. Nd6 a5 14. b5 Ne7 15. g3 Nd7 16. Bg2 Nxc5 17. Nxc8 Rxc8 18. O-O b6 19. Ne4 Qc7 20. Rac1 f5 21. Nxc5 Qxc5 22. Rfd1 f4 23. Be4 Rf6 24. Rd3 Rcf8 25. Rf1 g5 26. Qc2 h5 27. h4 g4 28. Rb3 d3 29. Rxd3 fxg3 30. e3 gxf2+ 31. Kg2 Qc7 32. c5 bxc5 33. Qc4+ Kg7 34. Bc6 Nxc6 35. bxc6 Qxc6+ 36. e4 Rf4 37. Rd5 Qf6 38. Qxc5 Rxe4 39. Rd7+ Rf7 40. Rxf7+ Qxf7 41. Qc6 Qf3+ 42. Kh2 g3+ 43. Kh3 g2+ 44. Kh2 g1=Q+ 45. Rxg1+ fxg1=Q+ 46. Kxg1 Re1+ 47. Kh2 Rh1# 0-1


[Site "https://www.chess.com"]

[Event "Titled Tuesday Blitz March 08 Early 2022"]
[White "Sonis, Francesco"]
[Black "Kollars, Dmitrij"]
[WhiteFideId "895733"]
[BlackFideId "12909572"]
[WhiteElo "2373"]
[BlackElo "2584"]
[Result "0-1"]
[Round "09"]
[TimeControl "180+1"]
[Date "2022.03.08"]
[WhiteClock "0:00:09"]
[BlackClock "0:00:34"]

1. d4 Nf6 2. c4 e6 3. Nf3 b6 4. g3 Ba6 5. b3 Bb4+ 6. Bd2 Be7 7. Nc3 d5 8. cxd5 exd5 9. Bg2 O-O 10. O-O Re8 11. Ne5 Bb7 12. Rc1 Nbd7 13. Bf4 Nf8 14. Nd3 Ne6 15. Be5 Ne4 16. Nf4 Nxf4 17. Bxf4 Bd6 18. Bxd6 cxd6 19. Qd3 Qe7 20. e3 a5 21. Rfd1 h5 22. Qb5 Nxf2 23. Re1 Ba6 24. Nxd5 Qg5 25. Qxb6 Nd3 26. Nf4 Nxc1 27. Bxa8 Ne2+ 28. Rxe2 Bxe2 29. Bc6 Rxe3 30. Kf2 Qe7 31. Qxa5 g5 32. Ng2 Re6 33. Kg1 Qf6 34. h3 h4 35. gxh4 d5 36. Bxd5 Qxd4+ 37. Kh2 Re5 38. Qd8+ Kg7 39. hxg5 Rxd5 40. Qf6+ Qxf6 41. gxf6+ Kxf6 42. Nf4 Rd2 43. Kg3 Rxa2 44. b4 Bc4 45. h4 Ra3+ 46. Kg4 Ra4 47. b5 Bxb5 48. Kg3 Ra3+ 49. Kg4 Bc6 50. Nh5+ Kg6 51. Nf4+ Kh6 52. Kf5 Rf3 0-1


[Site "https://www.chess.com"]

[Event "Titled Tuesday Blitz March 08 Early 2022"]
[White "Spitzl, Vinzent"]
[Black "P., Komal Kishore"]
[WhiteFideId "12901253"]
[BlackFideId "5016703"]
[WhiteElo "2160"]
[BlackElo "2129"]
[Result "1-0"]
[Round "09"]
[TimeControl "180+1"]
[Date "2022.03.09"]
[WhiteClock "0:00:39"]
[BlackClock "0:00:16"]

1. e4 c6 2. d4 d5 3. exd5 cxd5 4. Bd3 Nc6 5. c3 Nf6 6. Bf4 e6 7. Nf3 Bd6 8. Bxd6 Qxd6 9. Nbd2 O-O 10. O-O a6 11. Re1 b5 12. a3 Na5 13. b4 Nb7 14. Nb3 Qb6 15. Ne5 Nd6 16. Nc5 Rd8 17. Re3 Bd7 18. Rh3 Be8 19. g4 g6 20. g5 Nd7 21. Ncxd7 Bxd7 22. Qg4 Nf5 23. Bxf5 exf5 24. Qh4 Be6 25. Qxh7+ Kf8 26. Qh8+ Ke7 27. Qf6+ Kd6 28. Nxf7+ Kc7 29. Nxd8 Rxd8 30. Rh7+ Kc8 31. Re1 Re8 32. Rh8 Rxh8 33. Qxh8+ Kc7 34. Qg7+ Bd7 35. Re7 Qd6 36. Rxd7+ Qxd7 37. Qxd7+ Kxd7 38. Kg2 Ke6 39. Kg3 Kd6 40. h4 Ke6 41. h5 gxh5 42. Kh4 f4 43. Kxh5 Kf5 44. g6 f3 45. g7 Ke4 46. g8=Q Kd3 47. Qxd5 1-0


[Site "https://www.chess.com"]

[Event "Titled Tuesday Blitz March 08 Early 2022"]
[White "Svane, Rasmus"]
[Black "Golubka, Petro"]
[WhiteFideId "4657101"]
[BlackFideId "14114224"]
[WhiteElo "2645"]
[BlackElo "2346"]
[Result "1-0"]
[Round "09"]
[TimeControl "180+1"]
[Date "2022.03.08"]
[WhiteClock "0:02:33"]
[BlackClock "0:01:45"]

1. Nf3 d5 2. g3 c6 3. Bg2 Nf6 4. O-O Bf5 5. c4 e6 6. Qb3 Qb6 7. d3 Nbd7 8. cxd5 exd5 9. Qc2 Be7 10. Nc3 O-O 11. e4 dxe4 12. dxe4 Bg6 13. Be3 Qc7 14. Nh4 Ng4 15. Nd5 Qd8 16. Nxe7+ Qxe7 17. Bd4 Rfd8 18. Rad1 Ndf6 19. h3 Nxe4 20. Nxg6 hxg6 21. Qxe4 1-0


[Site "https://www.chess.com"]

[Event "Titled Tuesday Blitz March 08 Early 2022"]
[White "Tari, Aryan"]
[Black "Garriga Cazorla, Pere"]
[WhiteFideId "1510045"]
[BlackFideId "32011601"]
[WhiteElo "2567"]
[BlackElo "2458"]
[Result "1/2-1/2"]
[Round "09"]
[TimeControl "180+1"]
[Date "2022.03.08"]
[WhiteClock "0:00:03"]
[BlackClock "0:00:16"]

1. d4 Nf6 2. g3 e6 3. Bg2 c5 4. Nf3 cxd4 5. Nxd4 d5 6. c4 e5 7. Nf3 d4 8. O-O Nc6 9. e3 Be7 10. exd4 exd4 11. Bf4 O-O 12. Ne5 Qb6 13. Re1 Be6 14. Nd2 Nxe5 15. Rxe5 a6 16. Qb3 Qxb3 17. Nxb3 Rad8 18. Nc5 Bxc5 19. Rxc5 Rd7 20. Rd1 Rfd8 21. h3 h6 22. g4 d3 23. Bf3 Nh7 24. b3 Nf8 25. Rd2 Ng6 26. Bg3 Ne7 27. Rc7 Rxc7 28. Bxc7 Rd7 29. Bg3 f5 30. Kf1 Kf7 31. Ke1 Nc6 32. Kf1 Kf6 33. Bd1 g5 34. f4 Rd4 35. fxg5+ hxg5 36. Bf2 Rf4 37. Kg1 fxg4 38. Bg3 Rd4 39. hxg4 Bxg4 40. Bf2 Re4 41. Rxd3 Bxd1 42. Rxd1 Re2 43. a3 Kf5 1/2-1/2


[Site "https://www.chess.com"]

[Event "Titled Tuesday Blitz March 08 Early 2022"]
[White "Tarini, Goyal"]
[Black "Winkels, Marcel"]
[WhiteFideId "5082749"]
[BlackFideId "1003887"]
[WhiteElo "1772"]
[BlackElo "1900"]
[Result "1-0"]
[Round "09"]
[TimeControl "180+1"]
[Date "2022.03.09"]
[WhiteClock "0:00:16"]
[BlackClock "0:00:06"]

1. d4 d5 2. c4 e6 3. Nc3 c5 4. cxd5 exd5 5. Nf3 Nc6 6. g3 Nf6 7. Bg2 Be7 8. O-O O-O 9. dxc5 Bxc5 10. Na4 Be7 11. Be3 Bg4 12. Bc5 Bxc5 13. Nxc5 Qb6 14. Nd3 Rfe8 15. Qc2 Bxf3 16. Bxf3 Nd4 17. Qd2 Nxf3+ 18. exf3 Rac8 19. Rac1 Qd4 20. Rfd1 h6 21. Rxc8 Rxc8 22. Nf4 Qxd2 23. Rxd2 Rd8 24. Rd4 g5 25. Ne2 Kf8 26. Nc3 Ke7 27. f4 Ke6 28. fxg5 hxg5 29. h4 g4 30. Kg2 a6 31. Ne2 Rc8 32. Nf4+ Kd6 33. h5 Rh8 34. b3 Kc5 35. Rd2 d4 36. Re2 Nxh5 37. Re5+ Kd6 38. Rxh5 Re8 39. Nd3 Re2 40. Rh4 f5 41. Rh6+ Kd7 42. Rh7+ Kc6 43. Kf1 Rd2 44. Ne1 d3 45. Rh6+ Kc5 46. Rf6 Rd1 47. Rxf5+ Kd4 48. Rf4+ Kc3 49. Rc4+ Kb2 50. Rd4 Kc3 51. Rc4+ Kb2 52. Rd4 Kc3 53. Rxd3+ Rxd3 54. Nxd3 Kxd3 55. Kg2 Ke2 56. Kg1 b6 57. Kg2 b5 58. b4 Ke1 59. f3 gxf3+ 60. Kxf3 Kd2 61. g4 Kc3 62. g5 Kxb4 63. g6 Ka3 64. g7 Kxa2 65. g8=Q+ Ka3 66. Qe6 a5 67. Qe3+ Ka4 68. Qd4+ b4 69. Qb2 Kb5 70. Ke4 a4 71. Kd3 a3 72. Qe5+ Ka4 73. Kc2 b3+ 74. Kb1 Kb4 75. Qd4+ Kb5 76. Qc3 Ka4 77. Qc4+ Ka5 78. Qxb3 a2+ 79. Kxa2 Ka6 80. Ka3 Ka5 81. Kb2 Ka6 82. Kc3 Ka5 83. Kc4 Ka6 84. Kc5 Ka5 85. Qa3# 1-0


[Site "https://www.chess.com"]

[Event "Titled Tuesday Blitz March 08 Early 2022"]
[White "Tasev, Dejan"]
[Black "Havas, Ladislav"]
[WhiteFideId "936618"]
[BlackFideId "14501090"]
[WhiteElo "2253"]
[BlackElo "2206"]
[Result "0-1"]
[Round "09"]
[TimeControl "180+1"]
[Date "2022.03.09"]
[WhiteClock "0:00:11"]
[BlackClock "0:01:14"]

1. e4 Nf6 2. e5 Nd5 3. Nc3 Nb6 4. d4 d5 5. exd6 cxd6 6. h3 g6 7. Nf3 Bg7 8. Be3 O-O 9. Qd2 Re8 10. O-O-O Nc6 11. Bh6 Bh8 12. h4 Bg4 13. h5 Bxf3 14. gxf3 Nxd4 15. hxg6 fxg6 16. Bh3 e6 17. Bg4 Rc8 18. Be3 Nc4 19. Qe1 Nxe3 20. fxe3 Nf5 21. Bxf5 exf5 22. Nd5 Rc5 23. Qb4 Rf8 24. Qxb7 Rf7 25. Qb3 a6 26. c3 Rb5 27. Qc4 Qb8 28. Nf6+ Bxf6 29. Rxh7 Rb7 30. Rdh1 Bg7 31. Qe6 Rxb2 32. Rxg7+ Kxg7 33. Rh7+ Kxh7 34. Qxf7+ Kh6 35. Qf6 Rb1+ 36. Kd2 Qb2+ 37. Kd3 Rd1+ 38. Kc4 Qb5# 0-1


[Site "https://www.chess.com"]

[Event "Titled Tuesday Blitz March 08 Early 2022"]
[White "Timofeev, Artyom"]
[Black "Mitusov, Semen"]
[WhiteFideId "4140419"]
[BlackFideId "14151049"]
[WhiteElo "2594"]
[BlackElo "2265"]
[Result "1-0"]
[Round "09"]
[TimeControl "180+1"]
[Date "2022.03.08"]
[WhiteClock "0:00:10"]
[BlackClock "0:00:01"]

1. c4 e5 2. e3 Nf6 3. Nc3 Nc6 4. d3 Bb4 5. Bd2 O-O 6. Nf3 d5 7. cxd5 Nxd5 8. Be2 Be6 9. O-O h6 10. a3 Bd6 11. b4 a6 12. Rc1 Qd7 13. Ne4 Rad8 14. Re1 f5 15. Nxd6 Qxd6 16. e4 Nf6 17. Be3 Qd7 18. Qc2 Rf7 19. Red1 Ng4 20. Bc5 Qe8 21. h3 Nf6 22. exf5 Bxf5 23. Nd2 Rfd7 24. Ne4 Qg6 25. Nxf6+ gxf6 26. Qc4+ Kh7 27. Qh4 Rg7 28. g3 Rgd7 29. Be3 Rg8 30. Bf3 Rxd3 31. Rxd3 Bxd3 32. a4 Rg7 33. b5 axb5 34. axb5 Bxb5 35. Rd1 f5 36. Rd5 e4 37. Bh5 Qe6 38. Rxb5 Ne5 39. Qf4 Nd3 40. Qxf5+ Qxf5 41. Rxf5 c6 42. Bd1 Rd7 43. Bc2 b5 44. g4 b4 45. Bb3 Rc7 46. Rf6 c5 47. Bc4 Ne5 48. Bd5 c4 49. Bxe4+ Kg7 50. Re6 Nf7 51. Bd4+ Kf8 52. Rb6 b3 53. Bf6 Ng5 54. Rb8+ Kf7 55. Bxg5 hxg5 56. Bd5+ Kf6 57. Bxc4 Rxc4 58. Rxb3 Ke5 59. Kg2 Kf6 60. Rb5 Kg6 61. Rb6+ Kg7 62. Kg3 Rc3+ 63. f3 Rc4 64. h4 gxh4+ 65. Kxh4 Rf4 66. Kg3 Ra4 67. Re6 Ra5 68. Re4 Kg6 69. Rc4 Kf6 70. Rc6+ Kg7 71. Kf4 Ra3 72. Ke4 Ra5 73. Rd6 Ra4+ 74. Rd4 Ra5 75. f4 Kf6 76. Rd6+ Ke7 77. Rb6 Ra4+ 78. Kf5 Kf7 79. g5 Ra5+ 80. Kg4 Kg7 81. Rb7+ Kg8 82. Kh5 Ra6 83. f5 Rc6 84. g6 Rc8 85. Kg5 Rc1 86. Rb8+ Kg7 87. f6# 1-0


[Site "https://www.chess.com"]

[Event "Titled Tuesday Blitz March 08 Early 2022"]
[White "Tologon tegin, Semetei"]
[Black "Leiva, Gianmarco"]
[WhiteFideId "13800574"]
[BlackFideId "3804399"]
[WhiteElo "2258"]
[BlackElo "2311"]
[Result "1-0"]
[Round "09"]
[TimeControl "180+1"]
[Date "2022.03.09"]
[WhiteClock "0:00:22"]
[BlackClock "0:00:15"]

1. e4 c5 2. Nf3 d6 3. d4 cxd4 4. Nxd4 Nf6 5. Nc3 a6 6. Be3 e5 7. Nb3 Be7 8. f3 Be6 9. Qd2 h5 10. O-O-O Nbd7 11. Qf2 b5 12. Kb1 Qc7 13. h3 h4 14. f4 b4 15. Nd5 Bxd5 16. exd5 Ne4 17. Qe1 Ng3 18. Rg1 Rb8 19. Bxa6 O-O 20. fxe5 Nxe5 21. Bf4 Ra8 22. Bb5 Rfb8 23. Bc6 Nxc6 24. dxc6 Bf6 25. Rxd6 Qa7 26. Nc1 Bc3 27. Qe3 Qxe3 28. Bxe3 Nf5 29. Rd3 Nxe3 30. bxc3 bxc3+ 31. Nb3 Nc4 32. Rxc3 Ra4 33. Rd1 Rc8 34. Rd4 Rxc6 35. Kc1 g5 36. Nd2 Nxd2 37. Rd8+ Kg7 38. Rxc6 Nf1 39. Kb2 Ne3 40. Rd2 Nc4+ 41. Kb3 Nxd2+ 42. Kxa4 Nf1 43. Kb5 Ne3 44. a4 Nxg2 45. a5 g4 46. hxg4 h3 47. Rc3 Nf4 48. Rf3 Kg6 49. Rxf4 1-0


[Site "https://www.chess.com"]

[Event "Titled Tuesday Blitz March 08 Early 2022"]
[White "Tsatsalashvili, Keti"]
[Black "Manukian, Artak"]
[WhiteFideId "13603434"]
[BlackFideId "13301373"]
[WhiteElo "2246"]
[BlackElo "2510"]
[Result "0-1"]
[Round "09"]
[TimeControl "180+1"]
[Date "2022.03.09"]
[WhiteClock "0:00:09"]
[BlackClock "0:00:14"]

1. d4 Nf6 2. Nf3 d5 3. c4 dxc4 4. e3 e6 5. Bxc4 c5 6. O-O a6 7. a4 Nc6 8. Qe2 cxd4 9. Rd1 Be7 10. exd4 Nb4 11. Nc3 O-O 12. Bg5 Re8 13. Ne5 Nbd5 14. Rd3 Nxc3 15. bxc3 Nd5 16. Bd2 Bf8 17. Rh3 g6 18. Bd3 Bg7 19. a5 Bd7 20. c4 Ne7 21. Bh6 Bh8 22. g4 Nc6 23. Nxc6 Bxc6 24. Be3 Bxd4 25. Rd1 Bxe3 26. Qxe3 Qf6 27. Be4 Rad8 28. Rxd8 Rxd8 29. Bxc6 bxc6 30. Kg2 Qd4 31. Qxd4 Rxd4 32. Rb3 Rxg4+ 33. Kf3 Rxc4 34. Rb6 c5 35. Rxa6 Ra4 36. Ra8+ Kg7 37. a6 g5 38. a7 f5 39. h3 h5 40. Ke3 g4 41. hxg4 fxg4 42. Ke2 h4 43. Kf1 h3 44. Kg1 Ra2 45. Re8 Rxa7 46. Rxe6 Ra4 47. Rc6 Rc4 48. Kh2 Kf7 49. Kg3 Ke7 50. f3 gxf3 51. Kxh3 Rc3 52. Kg3 Kd7 53. Rh6 c4 54. Kf2 Rd3 55. Rh4 c3 56. Rc4 Kd6 57. Rc8 Kd5 58. Rd8+ Kc4 59. Rc8+ Kb3 60. Rb8+ Kc2 61. Rc8 Kd2 62. Re8 c2 0-1


[Site "https://www.chess.com"]

[Event "Titled Tuesday Blitz March 08 Early 2022"]
[White "Urbina Quiroz, Edwin"]
[Black "Zemerov, Vladimir"]
[WhiteFideId "6500650"]
[BlackFideId "4111583"]
[WhiteElo "2152"]
[BlackElo "2277"]
[Result "0-1"]
[Round "09"]
[TimeControl "180+1"]
[Date "2022.03.09"]
[WhiteClock "0:00:58"]
[BlackClock "0:01:07"]

1. e4 c5 2. Nf3 e6 3. c3 Nf6 4. e5 Nd5 5. d4 cxd4 6. cxd4 b6 7. Bc4 Bb7 8. Qe2 d6 9. h4 Nd7 10. a3 Qc7 11. Bd2 Rc8 12. Bd3 dxe5 13. dxe5 Nc5 14. Bc2 Ba6 15. Qd1 Nd3+ 16. Bxd3 Bxd3 17. Nc3 Nxc3 18. Bxc3 Bb5 19. Qd2 Rd8 20. Qe3 Bc5 21. Qe4 h6 22. Rd1 O-O 23. a4 Rxd1+ 24. Kxd1 Rd8+ 25. Kc1 Bd3 26. Qg4 Bf5 27. Qf4 Qd7 28. g4 Bh7 29. Ng5 hxg5 30. hxg5 Qd3 0-1


[Site "https://www.chess.com"]

[Event "Titled Tuesday Blitz March 08 Early 2022"]
[White "Vakhlamov, Igor L."]
[Black "Taichman, Ori"]
[WhiteFideId "24126748"]
[BlackFideId "2804069"]
[WhiteElo "2401"]
[BlackElo "2227"]
[Result "1-0"]
[Round "09"]
[TimeControl "180+1"]
[Date "2022.03.08"]
[WhiteClock "0:00:56"]
[BlackClock "0:00:08"]

1. e4 c5 2. Nf3 Nc6 3. Nc3 g6 4. d4 cxd4 5. Nxd4 Bg7 6. Be3 Nf6 7. Bc4 O-O 8. Bb3 d6 9. h3 Bd7 10. O-O Rc8 11. f4 Na5 12. e5 Ne8 13. e6 Rxc3 14. exf7+ Rxf7 15. Bxf7+ Kxf7 16. bxc3 Nc4 17. Qd3 Qc7 18. f5 Nf6 19. fxg6+ hxg6 20. Kh1 e5 21. Ne2 Bf5 22. Rxf5 gxf5 23. Bg5 Ne4 24. Rf1 Qc6 25. Qf3 f4 26. Nxf4 Nxg5 27. Qh5+ Kg8 28. Ng6 Qe8 29. Qxg5 e4 30. Ne7+ Kh7 31. Qf5+ Kh6 32. Qxe4 Ne5 33. Nf5+ Kh7 34. Nxd6+ Qg6 35. Qxg6+ Kxg6 36. Nxb7 Nc4 37. Rf3 Nd2 38. Rd3 Ne4 39. Kg1 Nxc3 40. a3 Nb5 41. c4 Nd4 42. c5 Kf5 43. Kf1 Ke4 44. Rg3 Be5 45. Rg6 Kd5 46. h4 Ne6 47. h5 Nf4 48. Rg5 Nd3 49. h6 Ke4 50. Rxe5+ Nxe5 51. h7 Ng6 52. c6 a5 53. c7 a4 54. c8=Q Kf4 55. Qc4+ Kg3 56. Qd3+ Kh2 57. Qh3# 1-0


[Site "https://www.chess.com"]

[Event "Titled Tuesday Blitz March 08 Early 2022"]
[White "Vasquez Schroeder, Rodrigo"]
[Black "Mirzoev, Azer"]
[WhiteFideId "3400042"]
[BlackFideId "13400304"]
[WhiteElo "2561"]
[BlackElo "2525"]
[Result "1-0"]
[Round "09"]
[TimeControl "180+1"]
[Date "2022.03.08"]
[WhiteClock "0:01:10"]
[BlackClock "0:00:07"]

1. e4 Nf6 2. e5 Nd5 3. d4 d6 4. Nf3 dxe5 5. Nxe5 c6 6. Bc4 Nd7 7. Nf3 N7f6 8. h3 Bf5 9. O-O e6 10. Re1 h6 11. Bb3 Be7 12. Nbd2 O-O 13. Nc4 Bh7 14. Nce5 c5 15. c4 Nb6 16. Be3 cxd4 17. Bxd4 Qc7 18. Qe2 Rad8 19. Red1 Nbd7 20. Nxd7 Rxd7 21. Bc2 Bxc2 22. Qxc2 Rfd8 23. b3 a6 24. a4 Bc5 25. Bxc5 Qxc5 26. Rxd7 Rxd7 27. Rd1 Rxd1+ 28. Qxd1 Ne4 29. Qd4 Qxd4 30. Nxd4 a5 31. f3 Nc5 32. f4 Kf8 33. Kf2 g6 34. Ke3 Ke7 35. Kd2 f5 36. Kc2 g5 37. fxg5 hxg5 38. Kc3 f4 39. b4 axb4+ 40. Kxb4 Kd6 41. Nb5+ Kc6 42. Nd4+ Kd6 43. Nf3 Ne4 44. Kb5 Nc3+ 45. Kb4 Ne4 46. a5 Kc6 47. c5 Nxc5 48. Nxg5 e5 49. Kc4 Nd7 50. Ne4 Nf8 51. h4 Ng6 52. h5 Nf8 53. Nf6 Kd6 54. h6 Ke6 55. h7 Ng6 56. Ne4 1-0


[Site "https://www.chess.com"]

[Event "Titled Tuesday Blitz March 08 Early 2022"]
[White "Vianello, Enrico"]
[Black "Qashashvili, Alexandre"]
[WhiteFideId "810738"]
[BlackFideId "13600842"]
[WhiteElo "2236"]
[BlackElo "2316"]
[Result "1-0"]
[Round "09"]
[TimeControl "180+1"]
[Date "2022.03.09"]
[WhiteClock "0:01:54"]
[BlackClock "0:02:14"]

1. Nf3 c6 2. c4 d5 3. e3 Nf6 4. Qc2 g6 5. b3 Bg7 6. Bb2 Bf5 7. d3 dxc4 8. bxc4 O-O 9. Nbd2 Nbd7 10. Be2 Re8 11. e4 Bg4 12. e5 Bxf3 13. Bxf3 Nh5 14. Bxh5 gxh5 15. d4 c5 16. f4 cxd4 17. Bxd4 e6 18. O-O Rc8 19. Ne4 Bf8 20. Rac1 Qc7 21. Qe2 Nc5 22. Nf6+ Kh8 23. Qc2 1-0


[Site "https://www.chess.com"]

[Event "Titled Tuesday Blitz March 08 Early 2022"]
[White "Vifleemskaia, Svetlana"]
[Black "Kuzmin, Roman"]
[WhiteFideId "4129490"]
[BlackFideId "44134932"]
[WhiteElo "1901"]
[BlackElo "1978"]
[Result "0-1"]
[Round "09"]
[TimeControl "180+1"]
[Date "2022.03.09"]
[WhiteClock "0:02:00"]
[BlackClock "0:00:58"]

1. d4 d5 2. c4 e6 3. Nc3 Nf6 4. cxd5 exd5 5. Bg5 Nbd7 6. e3 c6 7. Bd3 Be7 8. Qc2 O-O 9. Nge2 Re8 10. O-O Nf8 11. f3 g6 12. Bh4 Ne6 13. Bf2 c5 14. Qd2 cxd4 15. exd4 Ng7 16. Ng3 a6 17. a3 h5 18. Qh6 Ng4 19. Bxg6 Nxh6 0-1


[Site "https://www.chess.com"]

[Event "Titled Tuesday Blitz March 08 Early 2022"]
[White "Vivas Zamora, Fabian Ernesto"]
[Black "Einarsson, Halldor Gretar"]
[WhiteFideId "3902480"]
[BlackFideId "2300150"]
[WhiteElo "1966"]
[BlackElo "2114"]
[Result "1-0"]
[Round "09"]
[TimeControl "180+1"]
[Date "2022.03.09"]
[WhiteClock "0:00:11"]
[BlackClock "0:00:07"]

1. c4 c5 2. Nf3 Nf6 3. d4 cxd4 4. Nxd4 g6 5. Nc3 Bg7 6. e4 d6 7. Be2 Nc6 8. Nc2 O-O 9. O-O Ne5 10. h3 Be6 11. b3 Rc8 12. Be3 a6 13. Qd2 b5 14. f4 Nc6 15. cxb5 axb5 16. Bxb5 Qa5 17. Rac1 Nxe4 18. Nxe4 Qxb5 19. Nd4 Nxd4 20. Bxd4 Bxd4+ 21. Qxd4 Bf5 22. Ng3 Be6 23. Kh2 Rc5 24. Rxc5 dxc5 25. Qe5 Rb8 26. f5 gxf5 27. Nh5 f6 28. Qxe6+ Kf8 29. Rxf5 Qd3 30. Nxf6 Qd6+ 31. Qxd6 exd6 32. Ne4+ Ke7 33. Rh5 Ra8 34. Rxh7+ Ke6 35. Nc3 d5 36. Rh6+ Kd7 37. Nxd5 Rxa2 38. Ne3 Rb2 39. Rb6 Kc7 40. Nc4 Rc2 41. h4 Rxc4 42. bxc4 Kxb6 43. h5 Ka5 44. h6 Kb4 45. h7 Kxc4 46. h8=Q Kb3 47. Qe5 c4 48. Qa1 c3 49. Qb1+ Kc4 50. Qc2 Kd4 51. g4 1-0


[Site "https://www.chess.com"]

[Event "Titled Tuesday Blitz March 08 Early 2022"]
[White "Vokhidov, Shamsiddin"]
[Black "Volkov, Maksim"]
[WhiteFideId "14204223"]
[BlackFideId "54123070"]
[WhiteElo "2611"]
[BlackElo "2081"]
[Result "1/2-1/2"]
[Round "09"]
[TimeControl "180+1"]
[Date "2022.03.08"]
[WhiteClock "0:01:29"]
[BlackClock "0:01:03"]

1. e4 c5 2. Nf3 d6 3. Bb5+ Nd7 4. a4 a6 5. Be2 Ngf6 6. Nc3 e6 7. a5 b6 8. axb6 Qxb6 9. O-O Bb7 10. d3 Be7 11. Nd2 O-O 12. Nc4 Qc7 13. Bf4 Rfb8 14. Qd2 e5 15. Bg5 h6 16. Bxf6 Bxf6 17. Bg4 Nf8 18. f4 exf4 19. Qxf4 Ng6 20. Qxd6 Qxd6 21. Nxd6 Bc6 22. Nc4 Ne5 23. Nxe5 Bxe5 24. Ra2 Rb6 25. Nd1 Rab8 26. b3 Bd4+ 27. Kh1 g6 28. Nb2 h5 29. Bf3 Bd7 30. Nc4 Rf6 31. e5 Rf5 32. Rxa6 Bb5 33. Rf6 Rxf6 34. exf6 Bxc4 35. dxc4 Bxf6 36. Bxh5 Bd4 37. Bf3 Rb6 38. g3 Kg7 39. Kg2 Ra6 40. h4 Ra2 41. Be2 Rxc2 42. Kf3 Rc3+ 43. Kg4 Rxb3 44. Bf3 Rc3 45. Bd5 f5+ 46. Kh3 Be5 47. Rf3 Rxf3 48. Bxf3 Kf6 49. g4 fxg4+ 50. Kxg4 Bd4 51. h5 gxh5+ 52. Kxh5 Ke5 1/2-1/2


[Site "https://www.chess.com"]